 Dungeon Crawl Stone Soup version 0.27.1-4-g1640c2035a (webtiles) character file.

Game seed: 12858406593739683654

28 actionjackson the Ducker (level 2, -8/29 HPs)
             Began as a Troll Fighter on Nov 14, 2021.
             Was a Believer of Lugonu.
             Mangled by an ogre (21 damage)
             ... on level 3 of the Dungeon.
             The game lasted 00:07:49 (1087 turns).

actionjackson the Ducker (Troll Fighter)            Turns: 1087, Time: 00:07:50

Health: -8/29      AC:  4    Str: 23    XL:     2   Next: 96%
Magic:  1/1        EV:  8    Int:  4    God:    Lugonu [**....]
Gold:   6          SH:  8    Dex:  9    Spells: 1/1 levels left

rFire    . . .     SeeInvis .   a - +0 flail
rCold    . . .     Faith    .   c - +0 kite shield
rNeg     . . .     Spirit   .   b - +0 robe
rPois    .         Reflect  .   (helmet restricted)
rElec    .         Harm     .   (no cloak)
rCorr    .         Rampage  .   (gloves unavailable)
Will     .....                  (boots unavailable)
Stlth    +.........             (no amulet)
HPRegen  1.09/turn              (no ring)
MPRegen  0.07/turn              (no ring)

@: no status effects
A: large, unfitting armour, claws 3, regeneration 1, shaggy fur 1, tough skin 1
a: Renounce Religion, Depart the Abyss, Bend Space


You were on level 3 of the Dungeon.
You worshipped Lugonu.
Lugonu was pleased with you.
You visited 1 branch of the dungeon, and saw 3 of its levels.

You collected 6 gold pieces.

Inventory:

Hand Weapons
 a - a +0 flail (weapon)
 e - a +0 club
Missiles
 i - 25 poisoned darts (quivered)
Armour
 b - a +0 robe (worn)
 c - a +0 kite shield (worn)
Scrolls
 f - a scroll of identify {unknown}
Potions
 d - a potion of might
 g - a potion of heal wounds {unknown}
 h - a potion of flight {unknown}
 j - a potion of curing {unknown}


   Skills:
 + Level 2.7 Fighting
 + Level 2.0 Maces & Flails
 + Level 2.8 Dodging
 + Level 2.6 Shields


You had one spell level left.
You didn't know any spells.
Your spell library was empty.

Dungeon Overview and Level Annotations

Branches:
Dungeon (3/15)

Altars:
Lugonu


Innate Abilities, Weirdness & Mutations

You are too large for most types of armour.
You have claws for hands.
Your natural rate of healing is unusually fast.
You are covered in fur. (AC +1)
You have tough skin. (AC +1)


Message History

The adder bites you but does no damage. You block the adder's attack.
You closely miss the adder.
The adder is moderately wounded.
The adder bites you but does no damage. The adder closely misses you.
You miss the adder.
The adder is moderately wounded.
You block the adder's attack. The adder barely misses you.
You closely miss the adder.
The adder is moderately wounded.
The adder bites you. You block the adder's attack.
You miss the adder.
The adder is moderately wounded.
You block the adder's attack. The adder bites you but does no damage.
You thump the adder!
You kill the adder!
Lugonu accepts your kill.
Your Maces & Flails skill increases to level 2!
Found a scroll labelled KUDDIN FUYPH.
An ogre comes into view. It is wielding a +0 giant club.
The ogre barely misses you.
You sock the ogre!
The ogre is moderately wounded.
You block the ogre's attack.
Your shield prevents you from hitting the ogre.
The ogre is moderately wounded.
The ogre hits you with a +0 giant club!!
Ouch! That really hurt!
You sock the ogre!
The ogre is severely wounded.
You block the ogre's attack.
You barely miss the ogre.
The ogre is severely wounded.
You block the ogre's attack.
The ogre hits you with a +0 giant club!!
Ouch! That really hurt!
* * * LOW HITPOINT WARNING * * *
You hear the slow rusting of a very distant drain.
The ogre hits you with a +0 giant club!!
Ouch! That really hurt!
You die...

#.# #.. #.#####.#
#.. ....# ...
..#.# #..##<#
#.#.# # #..##.#
#.#.##.#
#..##.###.#....#
####
#.........O.#
...#
#.###.###.#@#
##.# #.# #.#
#.#.#
#.###.###.###.#.#
#.............#.#
####.......>.....
##.###.#####.#
...# #.#####.#
##### #.......#
#..######


You could see an ogre.

Vanquished Creatures
  An adder (D:3)
  3 ball pythons (D:1)
  A bat (D:1)
  An endoplasm (D:1)
  A giant cockroach (D:2)
  5 goblins
  A hobgoblin (D:2)
  A frilled lizard (D:2)
  2 rats
16 creatures vanquished.

Notes
Turn   | Place    | Note
-------+----------+-------------------------------------------
     0 | D:1      | actionjackson the Troll Fighter began the quest for the
                  | Orb.
     0 | D:1      | Reached XP level 1. HP: 22/22 MP: 0/0
   436 | D:1      | Reached XP level 2. HP: 29/29 MP: 1/1
   463 | D:1      | Found a faded altar of an unknown god.
   474 | D:1      | Became a worshipper of Lugonu the Unformed
   474 | D:1      | Reached * piety under Lugonu
   474 | D:1      | Reached ** piety under Lugonu
  1062 | D:3      | Noticed an ogre
  1087 | D:3      | Mangled by an ogre

Illustrated notes

Levels and vault maps discovered:
D:1:      tarquinn_simple_flora_water_d, layout_loops_ring,
          basic_ecumenical_altar
D:2:      layout_loops_corners
D:3:      layout_loops_ring, mainiacjoe_overflow_small_starburst,
          gup_sewer_entry_spiral

Skill      XL: |  1  2 |
---------------+-------+-----
Maces & Flails | 2 |  2.0
Fighting       | |  2.7
Dodging        | |  2.8
Shields        | |  2.6

Action                   || total
-------------------------++-------
Melee: Flail             ||    40
 Stab: Sleeping          ||     2
Armor: Robe              ||     9
Dodge: Dodged            ||     9
Block: Kite shield       ||    26
